PA
SOUTH BEACH BLAZE @ YORK REVOLUTION
08/12/2038
 
TOP OF THE 1ST
South Beach Blaze batting - Pitching for York Revolution : RHP Gerhard Karge
Pitching: RHP Gerhard Karge
Batting: SHB Nobukazu Fujihara 0-0: Called Strike
0-1: Called Strike
0-2: DOUBLE (Groundball, 3L, EV 107.5 MPH)
Batting: RHB Dong-woo Kim 0-0: Swinging Strike
0-1: Ground out 4-3 (Groundball, 34D, EV 91.9 MPH)
Nobukazu Fujihara to third
Batting: RHB Masafumi Kawaguchi 0-0: Ball
1-0: Swinging Strike
1-1: Ball
2-1: Ball
3-1: Foul Ball, location: 2F
3-2: Strikes out swinging
Batting: LHB Juan Andrés Martí 0-0: Ball
1-0: Ball
2-0: Called Strike
2-1: Foul Ball, location: 2F
2-2: Foul Ball, location: 2F
2-2: Strikes out swinging
Top of the 1st over - 0 runs, 1 hit, 0 errors, 1 left on base; South Beach 0 - York 0
BOTTOM OF THE 1ST
York Revolution batting - Pitching for South Beach Blaze : RHP Rio Dring
Pitching: RHP Rio Dring
Batting: RHB Alex Fields 0-0: Ground out 1-3 (Groundball, 13S, EV 64.4 MPH)
Batting: RHB Steve Torres 0-0: Called Strike
0-1: Fly out, F9 (Line Drive, 9, EV 86.9 MPH)
Batting: RHB Jamy Geertsen 0-0: Foul Ball, location: 2F
0-1: Swinging Strike
0-2: Strikes out swinging
Bottom of the 1st over - 0 runs, 0 hits, 0 errors, 0 left on base; South Beach 0 - York 0
TOP OF THE 2ND
South Beach Blaze batting - Pitching for York Revolution : RHP Gerhard Karge
Batting: LHB Kiambu Fentress 0-0: Ball
1-0: Foul Ball, location: 2F
1-1: Foul Ball, location: 2F
1-2: Ball
2-2: DOUBLE (Line Drive, 7LS, EV 106.9 MPH)
Batting: RHB John Jankila 0-0: Ball
1-0: Ball
2-0: Foul Ball, location: 2F
2-1: Foul Ball, location: 2F
2-2: Fly out, F8 (Flyball, 8RD, EV 103.1 MPH)
Batting: LHB Bharti Mona 0-0: Foul Ball, location: 2F
0-1: Foul Ball, location: 2F
0-2: Ball
1-2: Strikes out swinging
Batting: RHB Thiago Yepes 0-0: Ball
1-0: Ball
2-0: Called Strike
2-1: Fly out, F7 (Flyball, 7D, EV 100.0 MPH)
Top of the 2nd over - 0 runs, 1 hit, 0 errors, 1 left on base; South Beach 0 - York 0
BOTTOM OF THE 2ND
York Revolution batting - Pitching for South Beach Blaze : RHP Rio Dring
Batting: LHB Dave Summers 0-0: Ball
1-0: Ball
2-0: Foul Ball, location: 2F
2-1: Ground out 4-3 (Groundball, 34, EV 98.8 MPH)
Batting: RHB Dusty Hunt 0-0: Ball
1-0: Called Strike
1-1: Ball
2-1: Ground out 6-3 (Groundball, 56, EV 91.2 MPH)
Batting: LHB Reggie Gommers 0-0: Called Strike
0-1: Ball
1-1: Foul Ball, location: 2F
1-2: Strikes out looking
Bottom of the 2nd over - 0 runs, 0 hits, 0 errors, 0 left on base; South Beach 0 - York 0
TOP OF THE 3RD
South Beach Blaze batting - Pitching for York Revolution : RHP Gerhard Karge
Batting: LHB Roldão Cintra 0-0: Ball
1-0: Fly out, F6 (Popup, P, EV 83.8 MPH)
Batting: SHB Nobukazu Fujihara 0-0: Ball
1-0: DOUBLE (Line Drive, 7LD, EV 108.1 MPH)
Batting: RHB Dong-woo Kim 0-0: Ball
Nobukazu Fujihara steals 3rd, throwing error, E2
Nobukazu Fujihara scores
1-0: Foul Ball, location: 2F
1-1: Foul Ball, location: 2F
1-2: Ball
2-2: Strikes out swinging
Batting: RHB Masafumi Kawaguchi 0-0: Called Strike
0-1: Called Strike
0-2: Ground out U3 (Groundball, 34, EV 104.4 MPH)
Top of the 3rd over - 1 run, 1 hit, 1 error, 0 left on base; South Beach 1 - York 0
BOTTOM OF THE 3RD
York Revolution batting - Pitching for South Beach Blaze : RHP Rio Dring
Batting: RHB Hal Phillips 0-0: Called Strike
0-1: Ground out 6-3 (Groundball, 6, EV 106.9 MPH)
Batting: RHB Sergio Vargas 0-0: Swinging Strike
0-1: Foul Ball, location: 2F
0-2: Strikes out swinging
Batting: RHB Jermaine Vassell 0-0: Swinging Strike
0-1: Called Strike
0-2: Ball
1-2: Strikes out swinging
Bottom of the 3rd over - 0 runs, 0 hits, 0 errors, 0 left on base; South Beach 1 - York 0
TOP OF THE 4TH
South Beach Blaze batting - Pitching for York Revolution : RHP Gerhard Karge
Batting: LHB Juan Andrés Martí 0-0: Fly out, F8 (Line Drive, 8RD, EV 88.1 MPH)
Batting: LHB Kiambu Fentress 0-0: Swinging Strike
0-1: Foul Ball, location: 2F
0-2: Foul Ball, location: 2F
0-2: Ball
1-2: Ball
2-2: Strikes out swinging
Batting: RHB John Jankila 0-0: Ball
1-0: Called Strike
1-1: Ball
2-1: Called Strike
2-2: SINGLE (Line Drive, 7S, EV 98.1 MPH)
Batting: LHB Bharti Mona 0-0: Called Strike
0-1: Ball
1-1: Foul Ball, location: 2F
1-2: Ball
2-2: Ball
John Jankila steals 2nd base
3-2: Fly out, F7 (Flyball, 7LS, EV 88.1 MPH)
Top of the 4th over - 0 runs, 1 hit, 0 errors, 1 left on base; South Beach 1 - York 0
BOTTOM OF THE 4TH
York Revolution batting - Pitching for South Beach Blaze : RHP Rio Dring
Batting: RHB Alex Fields 0-0: Fly out, F9 (Flyball, 89S, EV 86.2 MPH)
Batting: RHB Steve Torres 0-0: Swinging Strike
0-1: Foul Ball, location: 2F
0-2: Ball
1-2: Ground out 5-3 (Groundball, 56, EV 100.0 MPH)
Batting: RHB Jamy Geertsen 0-0: Foul Ball, location: 2F
0-1: Called Strike
0-2: Strikes out swinging
Bottom of the 4th over - 0 runs, 0 hits, 0 errors, 0 left on base; South Beach 1 - York 0
TOP OF THE 5TH
South Beach Blaze batting - Pitching for York Revolution : RHP Gerhard Karge
Batting: RHB Thiago Yepes 0-0: Called Strike
0-1: Ball
1-1: Swinging Strike
1-2: Fly out, F5 (Popup, 5F, EV 80.0 MPH)
Batting: LHB Roldão Cintra 0-0: DOUBLE (Line Drive, 7LS, EV 106.9 MPH)
Batting: SHB Nobukazu Fujihara 0-0: Called Strike
0-1: Foul Ball, location: 2F
0-2: Fly out, F8 (Flyball, 89S, EV 92.5 MPH)
Batting: RHB Dong-woo Kim 0-0: Foul Ball, location: 2F
0-1: Called Strike
0-2: Foul Ball, location: 2F
0-2: Foul Ball, location: 2F
0-2: Ball
1-2: Ball
2-2: Ball
3-2: Foul Ball, location: 2F
3-2: Base on Balls
Batting: RHB Masafumi Kawaguchi 0-0: Called Strike
0-1: Ball
1-1: SINGLE (Flyball, 89S, EV 92.5 MPH)
Roldão Cintra to third
Dong-woo Kim to second
Batting: LHB Juan Andrés Martí 0-0: Called Strike
0-1: Foul Ball, location: 2F
0-2: Ball
1-2: DOUBLE (Flyball, 8RXD, EV 93.8 MPH)
Roldão Cintra scores
Dong-woo Kim scores
Masafumi Kawaguchi to third
Runner from 3rd tries for Home, SAFE, no throw by CF
Batting: LHB Kiambu Fentress 0-0: Ball
1-0: Foul Ball, location: 2F
1-1: Ground out 4-3 (Groundball, 4M, EV 86.2 MPH)
Top of the 5th over - 3 runs, 3 hits, 0 errors, 1 left on base; South Beach 4 - York 0
BOTTOM OF THE 5TH
York Revolution batting - Pitching for South Beach Blaze : RHP Rio Dring
Batting: LHB Dave Summers 0-0: Foul Ball, location: 2F
0-1: Swinging Strike
0-2: Ball
1-2: Strikes out swinging
Batting: RHB Dusty Hunt 0-0: Ball
1-0: Ball
2-0: Ball
3-0: Called Strike
3-1: Ground out 6-3 (Groundball, 56, EV 106.9 MPH)
Batting: LHB Reggie Gommers 0-0: Foul Ball, location: 2F
0-1: Ball
1-1: SINGLE (Groundball, 34D, EV 107.5 MPH)
Batting: RHB Hal Phillips 0-0: Ball
1-0: Ball
2-0: Fly out, F8 (Flyball, 8LS, EV 86.9 MPH)
Bottom of the 5th over - 0 runs, 1 hit, 0 errors, 1 left on base; South Beach 4 - York 0
TOP OF THE 6TH
South Beach Blaze batting - Pitching for York Revolution : RHP Gerhard Karge
Batting: RHB John Jankila 0-0: Ball
1-0: SINGLE (Line Drive, 89M, EV 91.9 MPH)
Batting: LHB Bharti Mona 0-0: Bunted foul
0-1: Ball
1-1: Sac Bunt to 13 - play at first, batter OUT! 1-4
John Jankila to second
Pitching: LHP Jesús Zúñiga
Batting: RHB Thiago Yepes 0-0: Called Strike
0-1: Ball
Wild Pitch!
John Jankila to third
1-1: Swinging Strike
1-2: Ball
2-2: Foul Ball, location: 2F
2-2: Ball
3-2: Fly out, F7 (Flyball, 7LD, EV 101.2 MPH)
Runner from 3rd tags up, SCORES, no throw by LF
Batting: LHB Roldão Cintra 0-0: Ball
1-0: Called Strike
1-1: Ball
2-1: Ball
3-1: SINGLE (Line Drive, 6MD, EV 98.1 MPH)
Batting: SHB Nobukazu Fujihara 0-0: Ball
1-0: Foul Ball, location: 2F
1-1: Called Strike
1-2: Ball
2-2: Foul Ball, location: 2F
2-2: Strikes out swinging
Top of the 6th over - 1 run, 2 hits, 0 errors, 1 left on base; South Beach 5 - York 0
BOTTOM OF THE 6TH
York Revolution batting - Pitching for South Beach Blaze : RHP Rio Dring
Batting: RHB Sergio Vargas 0-0: Called Strike
0-1: Ball
1-1: Swinging Strike
1-2: Foul Ball, location: 2F
1-2: Ball
2-2: Foul Ball, location: 2F
2-2: Strikes out swinging
Batting: RHB Jermaine Vassell 0-0: Ball
1-0: Ball
2-0: Called Strike
2-1: SINGLE (Line Drive, 9S, EV 110.0 MPH)
Batting: RHB Alex Fields 0-0: Called Strike
0-1: Ball
1-1: Swinging Strike
1-2: Foul Ball, location: 2F
1-2: Ball
2-2: Ball
3-2: Fielders Choice at 2nd, 6-4 (Groundball, 6, EV 88.1 MPH)
Batting: RHB Steve Torres 0-0: Ball
1-0: Fielders Choice at 2nd, 6-4 (Groundball, 6, EV 85.0 MPH)
Bottom of the 6th over - 0 runs, 1 hit, 0 errors, 1 left on base; South Beach 5 - York 0
TOP OF THE 7TH
South Beach Blaze batting - Pitching for York Revolution : LHP Jesús Zúñiga
Batting: RHB Dong-woo Kim 0-0: Swinging Strike
0-1: Called Strike
0-2: Ball
1-2: Strikes out swinging
Batting: RHB Masafumi Kawaguchi 0-0: Ball
1-0: Ball
2-0: Called Strike
2-1: Called Strike
2-2: Strikes out swinging
Batting: LHB Juan Andrés Martí 0-0: Foul Ball, location: 2F
0-1: Ball
1-1: Foul Ball, location: 2F
1-2: Fly out, F9 (Flyball, 9LS, EV 85.6 MPH)
Top of the 7th over - 0 runs, 0 hits, 0 errors, 0 left on base; South Beach 5 - York 0
BOTTOM OF THE 7TH
York Revolution batting - Pitching for South Beach Blaze : RHP Rio Dring
Batting: RHB Jamy Geertsen 0-0: Ball
1-0: Ball
2-0: Foul Ball, location: 2F
2-1: Fly out, F3 (Popup, 3F, EV 60.0 MPH)
Batting: LHB Dave Summers 0-0: Called Strike
0-1: Foul Ball, location: 2F
0-2: Strikes out looking
Batting: RHB Dusty Hunt 0-0: Fly out, F9 (Flyball, 9LMF, EV 78.8 MPH)
Bottom of the 7th over - 0 runs, 0 hits, 0 errors, 0 left on base; South Beach 5 - York 0
TOP OF THE 8TH
South Beach Blaze batting - Pitching for York Revolution : LHP Jesús Zúñiga
Batting: LHB Kiambu Fentress 0-0: SINGLE (Line Drive, 89S, EV 106.2 MPH)
Batting: RHB John Jankila 0-0: Foul Ball, location: 2F
0-1: Ball
1-1: Foul Ball, location: 2F
1-2: Ball
2-2: Ball
3-2: Fielders Choice at 2nd, 1-6 (Groundball, 13, EV 89.4 MPH)
Batting: LHB Bharti Mona 0-0: Foul Ball, location: 2F
0-1: Ball
1-1: Ball
2-1: Called Strike
2-2: Strikes out swinging
Batting: RHB Thiago Yepes 0-0: Ball
1-0: Foul Ball, location: 2F
1-1: Fielders Choice at 2nd, U6 (Groundball, 6M, EV 105.6 MPH)
Top of the 8th over - 0 runs, 1 hit, 0 errors, 1 left on base; South Beach 5 - York 0
BOTTOM OF THE 8TH
York Revolution batting - Pitching for South Beach Blaze : RHP Rio Dring
Batting: LHB Reggie Gommers 0-0: Ball
1-0: Ball
2-0: Fly out, F8 (Flyball, 78M, EV 93.8 MPH)
Batting: RHB Hal Phillips 0-0: Called Strike
0-1: Ball
1-1: Swinging Strike
1-2: Strikes out swinging
Batting: RHB Sergio Vargas 0-0: Called Strike
0-1: Ball
1-1: Foul Ball, location: 2F
1-2: Strikes out swinging
Bottom of the 8th over - 0 runs, 0 hits, 0 errors, 0 left on base; South Beach 5 - York 0
TOP OF THE 9TH
South Beach Blaze batting - Pitching for York Revolution : LHP Jesús Zúñiga
Batting: LHB Roldão Cintra 0-0: Called Strike
0-1: Swinging Strike
0-2: Strikes out swinging
Batting: SHB Nobukazu Fujihara 0-0: Ball
1-0: SINGLE (Groundball, 3D, EV 99.4 MPH)
Batting: RHB Dong-woo Kim 0-0: Ball
1-0: Ball
2-0: Called Strike
2-1: Ball
3-1: Fly out, F6 (Popup, 56D, EV 55.0 MPH)
Batting: RHB Masafumi Kawaguchi 0-0: Called Strike
0-1: Foul Ball, location: 2F
0-2: Hit by Pitch
Nobukazu Fujihara to second
Batting: LHB Juan Andrés Martí 0-0: Ball
1-0: Ball
2-0: SINGLE (Groundball, 4MD, EV 95.0 MPH)
Nobukazu Fujihara to third
Masafumi Kawaguchi to second
Runner from 3rd tries for Home, throw by CF and OUT! 8-2
Top of the 9th over - 0 runs, 2 hits, 0 errors, 2 left on base; South Beach 5 - York 0
BOTTOM OF THE 9TH
York Revolution batting - Pitching for South Beach Blaze : RHP Rio Dring
Batting: RHB Jermaine Vassell 0-0: Swinging Strike
0-1: Ball
1-1: Called Strike
1-2: Strikes out swinging
Batting: RHB Alex Fields 0-0: Ball
1-0: Called Strike
1-1: Ball
2-1: SINGLE (Line Drive, 78S, EV 110.0 MPH)
Pitching: RHP Eliseo Fontirroig
Batting: RHB Steve Torres 0-0: Ball
1-0: Ball
2-0: Grounds into double play, 6-4-3 (Groundball, 6, EV 86.9 MPH)
Bottom of the 9th over - 0 runs, 1 hit, 0 errors, 0 left on base; South Beach 5 - York 0
Friday, April 17th, 2020 - OOTP Baseball 20.8 Build 74